 Dungeon Crawl Stone Soup version 0.31-a0-986-g5e6e4ef867 (webtiles) character file.

Game seed: 5214614845514182289

234 Dittersdorf the Covered (level 6, -8/41 (48) HPs)
             Began as a Human Fighter on Nov 9, 2023.
             Mangled by a wight
             ... wielding a +5 battleaxe
              (12 damage)
             ... on level 4 of the Dungeon.
             The game lasted 00:02:45 (2888 turns).

Dittersdorf the Covered (Human Fighter)             Turns: 2888, Time: 00:02:45

HP:   -8/41 (48)    AC: 10    Str: 19    XL:     6   Next: 26%
MP:   6/6           EV:  7    Int:  8    God:
Gold: 113           SH:  5    Dex: 12    Spells: 5/5 levels left

rFire   . . .        a - +0 long sword
rCold   . . .        c - +0 buckler
rNeg    . . .        r - +0 chain mail
rPois   .            (no helmet)
rElec   .            i - +0 cloak
rCorr   .            (no gloves)
SInv    .            (no boots)
Will    .....        (no amulet) Stlth
                     (no ring)
HPRegen 0.26/turn    (no ring)
MPRegen 0.10/turn

%: no passive effects
@: heavily drained
A: no striking features
a: no special abilities


You were on level 4 of the Dungeon.
You visited 1 branch of the dungeon, and saw 5 of its levels.

You collected 113 gold pieces.

Inventory:

Hand Weapons
 a - a +0 long sword (weapon)
Armour
 c - a +0 buckler (worn)
 i - a +0 cloak (worn)
 r - a +0 chain mail (worn)
Jewellery
 t - a ring of fire
Scrolls
 e - 2 scrolls of torment {unknown}
 j - 3 scrolls of teleportation {unknown}
 k - a scroll of noise {unknown}
 o - a scroll of fog {unknown}
 p - a scroll of amnesia {unknown}
 q - a scroll of acquirement {unknown}
Potions
 d - a potion of might
 f - 5 potions of curing
 g - a potion of lignification
 h - a potion of brilliance
 l - a potion of haste
 m - a potion of cancellation
 n - a potion of enlightenment
 u - a potion of resistance


   Skills:
 + Level 4.1 Fighting
 + Level 3.4 Long Blades
 + Level 4.1 Armour
 + Level 4.1 Shields


You had 5 spell levels left.
You didn't know any spells.
Your spell library contained the following spells:

 Spells                   Type           Power      Damage    Failure   Level
 Static Discharge         Conj/Air       0%         3-3/arc   100%        2
 Airstrike                Air            0%         2d(0-16)  100%        4
 Summon Lightning Spire   Summ/Air       0%         N/A       100%        4


Dungeon Overview and Level Annotations

Branches:
Dungeon (5/15)
 Temple: D:4-7

Altars:

Shops:
D:1 *:   D:5 !


Message History

There is an open door here.
A wight comes into view. It is wielding a +5 battleaxe.
You closely miss the wight. The wight hits you with a +5 battleaxe.
You feel drained. You block the wight's attack.
You closely miss the wight. The wight hits you with a +5 battleaxe.
You feel drained.
You barely miss the wight. The wight barely misses you.
You hit the wight but do no damage. You block the wight's attack.
You closely miss the wight. The wight hits you with a +5 battleaxe!
You feel drained. The wight hits you with a +5 battleaxe!
* * * LOW HITPOINT WARNING * * *
You are too injured to fight recklessly!
You are too injured to fight recklessly!
You are too injured to fight recklessly!
You are too injured to fight recklessly!
You are too injured to fight recklessly!
You are too injured to fight recklessly!
You are too injured to fight recklessly!
You are too injured to fight recklessly!
You are too injured to fight recklessly!
You are too injured to fight recklessly!
You are too injured to fight recklessly!
You are too injured to fight recklessly!
You are too injured to fight recklessly!
You are too injured to fight recklessly!
You are too injured to fight recklessly!
You are too injured to fight recklessly!
You are too injured to fight recklessly!
You are too injured to fight recklessly!
You are too injured to fight recklessly!
You hit the wight.
The wight is moderately damaged.
The wight hits you with a +5 battleaxe.
* * * LOW HITPOINT WARNING * * *
You feel drained.
* * * LOW HITPOINT WARNING * * *
You hit the wight but do no damage.
The wight is moderately damaged.
The wight hits you with a +5 battleaxe!
You die...

#.#..,,,,,,* *,#. ###.#.#*******
*,#. #.....# *,#. #.....# *,#.
#.....# *,#. ***
**##***#.....##########.#. ,,*
*,,..,*###'#............#.
,,*****#.###.####.#####...######.
,,,,,,,........z@.....+...'......
**,***,..###.##########...###....
,,,,,,,,,* #,* #...+......
,,,***,,,* *,* #...###.### ,,,*
*,,,* *,* *****#.### #.#.. ,,,*
*,,,* *,*****,,,,#.#***#.#.. ,,,*
*,,,***,,,,,,,,,,+.*,,,#.... ,,,*
****,********,,,,##*,*,#.... ,,,*
*,,,,,,,,+,,,,+,,,,,#....


You could see a wight.

Vanquished Creatures
  2 hounds
  Jessica (D:3)
  An orc wizard (D:3)
  5 adders
  A worm (D:2)
  4 dart slugs
  8 orcs
  10 ball pythons
  2 bats
  6 endoplasms
  3 giant cockroaches
  5 goblins
  3 hobgoblins
  2 jackals (D:1)
  4 kobolds
  A quokka (D:2)
  4 frilled lizards
  2 rats
64 creatures vanquished.

Notes
Turn   | Place    | Note
-------+----------+-------------------------------------------
     0 | D:1      | Dittersdorf the Human Fighter began the quest for the Orb.
     0 | D:1      | Reached XP level 1. HP: 18/18 MP: 1/1
    89 | D:1      | Found Foellijy's Assorted Antiques.
   118 | D:1      | Reached XP level 2. HP: 17/24 MP: 2/2
   255 | D:1      | Found Nomiew's Book Shop.
   320 | D:1      | Reached XP level 3. HP: 27/29 MP: 3/3
   884 | D:2      | Reached XP level 4. HP: 33/35 MP: 4/4
   897 | D:2      | Found a faded altar of an unknown god.
  1880 | D:3      | Reached XP level 5. HP: 37/42 MP: 5/5
  2525 | D:3      | Noticed Jessica
  2531 | D:3      | Killed Jessica
  2532 | D:3      | Reached XP level 6. HP: 48/48 MP: 6/6
  2740 | D:5      | Entered Level 5 of the Dungeon
  2742 | D:5      | Found Emnidgh's Distillery.
  2888 | D:4      | Mangled by a wight

Illustrated notes

Levels and vault maps discovered:
D:1:      heliophobic_arrival_battle_scene, layout_loops_ring, serial_shops,
          nicolae_shop_tiny_statue_garden, nicolae_shop_waterfront,
          minmay_hexomino_f4
D:2:      layout_basic, chequers_ecumenical_altar_simple
D:3:      layout_loops_ring, roderic_roman_lattice, uniq_jessica
D:4:      layout_basic, nrook_mini_vaults
D:5:      layout_cave_pools, serial_shops,
          nicolae_shop_temple_entry_statues_fountains, kennysheep_nondescript,
          minmay_misc_feat_five, minmay_puff

Skill      XL: |  1  2  3  4  5 |
---------------+----------------+-----
Long Blades    | 3 |  3.4
Armour         | 4 |  4.1
Fighting       | 4 |  4.1
Shields        | 4 |  4.1

Action                     |  1- 3 |  4- 6 || total
---------------------------+-------+-------++-------
  Melee: Long sword        |    89 |   172 ||   261
    Use: Scroll            |       |     9 ||     9
 Armour: Scale mail        |    63 |    27 ||    90
         Chain mail        |       |   126 ||   126
  Dodge: Dodged            |    37 |    57 ||    94
  Block: Buckler           |    27 |    42 ||    69

Table legend: (Time is in decaauts)
 A = Elapsed time spent in this place.
 B = Non-inter-level travel time spent in this place.
 C = Inter-level travel time spent in this place.
 D = Time resting spent in this place.
 E = Time spent auto-exploring this place.
 F = Levels seen in this place.
 G = Mean time per level.
                   A        B        C        D        E       F      G
               +--------+--------+--------+--------+--------+-----+--------+
         Total |   2965 |   2905 |     60 |    101 |   2168 |   5 |  593.0 |
       Dungeon |   2965 |   2905 |     60 |    101 |   2168 |   5 |  593.0 |
               +--------+--------+--------+--------+--------+-----+--------+

Top non-repeatable levels by time:
     D:2: 1085 daAuts
     D:3: 834 daAuts
     D:1: 829 daAuts
     D:5: 114 daAuts
     D:4: 101 daAuts
